 Dungeon Crawl Stone Soup version 0.17-a0-670-g5d95ebd (console) character file.

347 jernau the Magician (level 6, -2/45 HPs)
             Began as a Hill Orc Fire Elementalist on Apr 17, 2015.
             Killed from afar by an orc wizard (3 damage)
             ... with a puff of flame
             ... on level 4 of the Dungeon on Apr 18, 2015.
             The game lasted 00:30:22 (3803 turns).

jernau the Magician (Hill Orc Fire Elementalist)    Turns: 3803, Time: 00:30:23

Health: -2/45      AC:  6    Str: 11    XL:     6   Next: 59%
Magic:  4/13       EV: 12    Int: 21    God:
Gold:   133        SH:  0    Dex: 11    Spells: 1 memorised, 13 levels left

rFire  . . .     SeeInvis .     y - +0 dagger (venom)
rCold  . . .     Clarity  .     a - +0 robe
rNeg   . . .     SustAb   .     (no shield)
rPois  .         Gourm    .     (no helmet)
rElec  .         Spirit   .     g - +2 cloak
rCorr  .         Warding  .     q - +0 pair of gloves
rMut   .         Stasis   .     (no boots)
MR     .....                    (no amulet)
Stlth  +.........               i - +4 ring of intelligence
                                u - ring of wizardry

@: confused, very slightly contaminated, invisible, not resistant to hostile
enchantments, very unstealthy
A: no striking features
a: no special abilities


You were on level 4 of the Dungeon.
You were not hungry.

You visited 1 branch of the dungeon, and saw 4 of its levels.

You collected 133 gold pieces.

Inventory:

Hand weapons
 y - a +0 dagger of venom (weapon)
Armour
 a - a +0 robe (worn)
 g - a +2 cloak (worn)
 q - a +0 pair of gloves (worn)
Jewellery
 i - a +4 ring of intelligence (right hand)
 u - a ring of wizardry (left hand)
Magical devices
 n - a wand of polymorph (0)
Scrolls
 e - a scroll of fog {unknown}
 h - 2 scrolls of enchant armour {unknown}
 j - a scroll of amnesia {unknown}
 m - 5 scrolls of magic mapping {unknown}
 v - a scroll of teleportation {unknown}
 w - a scroll of remove curse {unknown}
 x - a scroll of enchant weapon {unknown}
Potions
 l - a potion of lignification {unknown}
 r - a potion of might {unknown}
 t - a potion of flight {unknown}
Books
 b - a book of Flames

   Spells                             Type                      Level
   a - Flame Tongue                   Conjuration/Fire             1
   b - Throw Flame                    Conjuration/Fire             2
   c - Conjure Flame                  Conjuration/Fire             3
   d - Inner Flame                    Hexes/Fire                   3
   e - Sticky Flame                   Conjuration/Fire             4
   f - Fireball                       Conjuration/Fire             5
Comestibles
 c - 3 bread rations
 f - a royal jelly
 k - 2 slices of pizza
 s - a meat ration


   Skills:
 - Level 1.8 Dodging
 - Level 1.5 Stealth
 + Level 4.9 Spellcasting
 - Level 1.0 Conjurations
 - Level 3.8 Fire Magic


You had 13 spell levels left.
You knew the following spells:

 Your Spells              Type           Power        Failure   Level  Hunger
a - Flame Tongue          Conj/Fire      ###..        1%          1    None


Dungeon Overview and Level Annotations

Branches:
Dungeon (4/15)
 Temple: D:4-7

Altars:


Message History

Okay, then.
Put on which piece of jewellery? (? for menu, Esc to quit)
You feel clever.
i - a +4 ring of intelligence (right hand)
You see here 12 poisoned needles.
There is a stone staircase leading up here.
You hear some strange, mumbled words.
You are more confused.
There is a stone staircase leading up here.
Something hits you.
* * * LOW HITPOINT WARNING * * *
In your confused state, you trip and fall back down the stairs.
* * * LOW HITPOINT WARNING * * *
Something hits you.
* * * LOW HITPOINT WARNING * * *
You completely miss something.
You hear some strange, mumbled words.
A puff of flame appears from out of thin air!
The puff of flame hits you!
You die...

#..)...........#
#..............+
#........[.†...#
####..........##
#..#######.#
#.####o{#######.#
#.....(())).).#.#
#.###########.#o#
#......(<@....#.#
#..############o#
...o.))?.#
o#####... #....
#..... #......
#....... #......


There were no monsters in sight!

Vanquished Creatures
  A phantom (D:4)
  Ijyb (D:3)
  Terence (D:2)
  2 orc wizards
  3 adders
  3 worms
  A giant gecko (D:2)
  24 orcs
  4 bats (D:1)
  18 hobgoblins
  12 kobolds
  3 ball pythons
  2 giant cockroaches
  7 giant newts
  10 goblins
  2 quokkas (D:2)
  11 rats
105 creatures vanquished.

Notes
Turn   | Place    | Note
--------------------------------------------------------------
     0 | D:1      | jernau, the Hill Orc Fire Elementalist, began the quest for the Orb.
     0 | D:1      | Reached XP level 1. HP: 14/14 MP: 3/3
   382 | D:1      | Reached XP level 2. HP: 20/20 MP: 0/4
  1057 | D:2      | Reached XP level 3. HP: 26/26 MP: 4/6
  1138 | D:2      | Noticed Terence
  1157 | D:2      | Killed Terence
  1208 | D:2      | Reached XP level 4. HP: 21/33 MP: 2/8
  1332 | D:2      | Upgraded the game from 0.17-a0-649-g87edefa to 0.17-a0-670-g5d95ebd
  2769 | D:3      | Reached XP level 5. HP: 31/38 MP: 3/10
  3171 | D:3      | Reached skill level 4 in Spellcasting
  3224 | D:3      | Noticed Ijyb
  3233 | D:3      | Killed Ijyb
  3515 | D:4      | Noticed a phantom
  3540 | D:4      | Reached XP level 6. HP: 34/45 MP: 2/12
  3606 | D:4      | Killed a phantom
  3802 | D:4      | HP: 1/45 [something (2)]
  3803 | D:4      | Killed from afar by an orc wizard

Action                   |  1- 3 |  4- 6 || total
-------------------------+-------+-------++-------
Melee: Unarmed           |    41 |    30 ||    71
       Dagger            |       |     3 ||     3
 Cast: Flame Tongue      |    40 |   200 ||   240
  Use: Scroll            |       |     3 ||     3
       Potion            |       |     2 ||     2
  Eat: Chunk             |     2 |     8 ||    10
